 Dungeon Crawl Stone Soup version 0.16-a0-3171-gce70061 (webtiles) character file.

200 Johnny the Bolt Thrower (level 6, 0/47 HPs)
             Began as a Human Hunter on Dec 16, 2014.
             Splashed by a jelly's acid (8 damage)
             ... on level 4 of the Dungeon.
             The game lasted 00:03:12 (2452 turns).

Johnny the Bolt Thrower (Human Hunter)              Turns: 2452, Time: 00:03:12

Health: 0/47       AC: -2    Str: 12    XL:     6   Next: 6%
Magic:  6/6        EV: 13    Int: 12    God:
Gold:   155        SH:  0    Dex: 15    Spells: 1 memorised, 3 levels left

rFire  . . .     SeeInvis .     a - +0 short sword
rCold  . . .     Clarity  .     d - +0 leather armour
rNeg   . . .     SustAb   .     (no shield)
rPois  .         Gourm    .     (no helmet)
rElec  .         Spirit   .     (no cloak)
rCorr  .         Warding  .     (no gloves)
rMut   .         Stasis   .     (no boots)
MR     .....                    (no amulet)
Stlth  ++........               (no ring)
                                (no ring)

@: corroded equipment, not resistant to hostile enchantments, unstealthy
A: no striking features
a: no special abilities


You were on level 4 of the Dungeon.
You were not hungry.

You visited 1 branch of the dungeon, and saw 4 of its levels.

You collected 155 gold pieces.

Inventory:

Hand weapons
 a - a +0 short sword (weapon)
 b - a +1 hand crossbow
Armour
 d - a +0 leather armour (worn)
Magical devices
 w - a wand of flame (19)
 z - a wand of cold (10)
Scrolls
 i - 3 scrolls of enchant weapon
 l - a scroll of identify
 m - a scroll of amnesia {unknown}
 o - a scroll of magic mapping {unknown}
 q - 2 scrolls of remove curse {unknown}
 s - 3 scrolls of teleportation {unknown}
 y - a scroll of random uselessness {unknown}
 A - a scroll of fog {unknown}
Potions
 e - a potion of brilliance {unknown}
 f - 2 potions of restore abilities {unknown}
 g - a potion of might {unknown}
 h - a potion of curing {unknown}
 j - a potion of haste {unknown}
 k - a potion of resistance
 n - 2 potions of flight
 u - a potion of cancellation {unknown}
 x - 2 potions of cure mutation {unknown}
 B - a potion of degeneration {unknown}
Comestibles
 p - 2 meat rations
 t - 2 beef jerkies
 v - 5 fruits


   Skills:
 + Level 3.1 Fighting
 * Level 5.5 Crossbows
 + Level 3.5 Dodging
 - Level 1.0 Stealth


You had 3 spell levels left.
You knew the following spells:

 Your Spells              Type           Power        Failure   Level  Hunger
a - Blink                 Tloc           N/A          52%         2    ###....


Dungeon Overview and Level Annotations

Branches:
Dungeon (4/15)
 Temple: D:4-7

Altars:


Message History

Okay, then.
Firing (i - inventory): No suitable missiles.
Press: ? - help, Shift-Dir - straight line, f/p - jelly
Aim: a jelly
Okay, then.
Wield which item (- for none, * to show all)? (? for menu, Esc to quit)
a - a +0 short sword (weapon)
The ooze barely misses you.
You completely miss the jelly. The jelly hits you.
You are splashed with acid!
The acid burns!
You hit the jelly. The acid corrodes your equipment!
The jelly is lightly wounded.
The jelly hits you.
You are splashed with acid!
The acid burns!
* * * LOW HITPOINT WARNING * * *
You barely miss the jelly.
The jelly is lightly wounded.
The jelly hits you.
* * * LOW HITPOINT WARNING * * *
You are splashed with acid!
The acid burns!
You die...

P.≈.... #.....#
##[..≈.##
.!..... #≈....#
##...≈.##
#...J...# #J#
#@#### #.#..#
#....# ###..#
#..#
##.####..###
(..........#
##>####..#.#####
###..........


You could see an ooze and a jelly.

Vanquished Creatures
  A jelly (D:4)
  Ijyb (D:2)
  Jessica (D:3)
  Terence (D:2)
  2 adders (D:2)
  A giant mite (D:1)
  3 worms
  3 giant geckos
  2 oozes (D:4)
  An orc (D:3)
  A bat skeleton (D:4)
  2 giant cockroaches (D:3)
  4 goblins
  8 hobgoblins
  10 jackals
  8 kobolds
  3 quokkas
  4 ball pythons
  6 bats
  A giant gecko skeleton (D:4)
  3 giant newts
  9 rats
75 creatures vanquished.

Notes
Turn   | Place    | Note
--------------------------------------------------------------
     0 | D:1      | Johnny, the Human Hunter, began the quest for the Orb.
     0 | D:1      | Reached XP level 1. HP: 16/16 MP: 1/1
    50 | D:1      | Reached XP level 2. HP: 19/22 MP: 2/2
   453 | D:1      | Reached XP level 3. HP: 23/27 MP: 3/3
   809 | D:2      | Reached XP level 4. HP: 19/34 MP: 4/4
   835 | D:2      | Noticed Ijyb
   901 | D:2      | Killed Ijyb
  1102 | D:2      | Reached XP level 5. HP: 29/40 MP: 5/5
  1119 | D:2      | Reached skill level 5 in Crossbows
  1242 | D:2      | Noticed Terence
  1254 | D:2      | Killed Terence
  2107 | D:3      | Noticed Jessica
  2113 | D:3      | Killed Jessica
  2121 | D:3      | Identified Jessica's Almanac of the Traveller
  2157 | D:3      | Learned a level 2 spell: Blink
  2446 | D:4      | Reached XP level 6. HP: 47/47 MP: 6/6
  2452 | D:4      | Splashed by a jelly's acid

Action                   |  1- 3 |  4- 6 || total
-------------------------+-------+-------++-------
Melee: Short sword       |       |     5 ||     5
 Fire: Hand crossbow     |    60 |   164 ||   224
  Use: Potion            |       |     2 ||     2
       Scroll            |       |     4 ||     4
  Eat: Bread ration      |       |     1 ||     1
